 Dungeon Crawl Stone Soup version 0.21.0-37-g46506fa (webtiles) character file.

3 hexophile the Ducker (level 1, 0/9 HPs)
             Began as a Spriggan Transmuter on Jan 30, 2018.
             Slain by a leopard gecko (3 damage)
             ... on level 1 of the Dungeon.
             The game lasted 00:00:50 (109 turns).

hexophile the Ducker (Spriggan Transmuter)           Turns: 109, Time: 00:00:51

Health: 0/9        AC:  2    Str:  6    XL:     1   Next: 41%
Magic:  5/5        EV: 18    Int: 14    God:
Gold:   0          SH:  0    Dex: 16    Spells: 4/5 levels left

rFire    . . .     SeeInvis +     - Unarmed
rCold    . . .     Gourm    .   (shield restricted)
rNeg     . . .     Faith    .   b - +0 robe
rPois    .         Spirit   .   (helmet restricted)
rElec    .         Reflect  .   (no cloak)
rCorr    .         Harm     .   (gloves unavailable)
MR       .....                  (boots unavailable)
Stlth    +.........             (no amulet)
HPRegen  0.03/turn              (no ring)
MPRegen  0.09/turn              (no ring)

@: very quick
A: very small, unfitting armour, see invisible, herbivore, speed 3, slow
metabolism 2
a: no special abilities


You were on level 1 of the Dungeon.
You were not hungry.

You visited 1 branch of the dungeon, and saw 1 of its levels.


Innate Abilities, Weirdness & Mutations

You are very small and have problems with some larger weapons.
You are too small for most types of armour.
You have supernaturally acute eyesight. (SInv)
You are a herbivore.
You cover ground extremely quickly.
You need consume almost no food.

Inventory:

Missiles
 a - 12 arrows
Armour
 b - a +0 robe (worn)
 f - a +0 shield
Jewellery
 e - an uncursed ring of wizardry {unknown}
Books
 c - a book of Changes

   Spells                             Type                      Level
   a - Beastly Appendage              Transmutation                1
   b - Sticks to Snakes               Transmutation                2
   c - Spider Form                    Transmutation/Poison         3
   d - Ice Form                       Ice/Transmutation            4
   e - Blade Hands                    Transmutation                5
Comestibles
 d - a ration


You had 4 spell levels left.
You knew the following spells:

 Your Spells              Type           Power        Failure   Level  Hunger
a - Beastly Appendage     Tmut           #.....       8%          1    #......


   Skills:
 - Level 0.7 Fighting
 * Level 3.2 Dodging
 * Level 2.5 Unarmed Combat
 - Level 2.6 Spellcasting
 - Level 2.6 Transmutations

Dungeon Overview and Level Annotations

Branches:
Dungeon (1/15)

Altars:

Vault maps used:
D:1:      dpeg_arrival_short_road, hex_medium, minmay_tiny_reverse_x
You       could see a leopard gecko and a rat.


Message History

The hobgoblin completely misses you.
Found a smoky white potion.
A kobold comes into view. It is wielding a whip.
A kobold comes into view. It is wielding a club.
There is a stone staircase leading down here.
Found 8 gold pieces.
A rat comes into view.
Found a copper ring.
Found a hand axe.
A kobold comes into view. It is wielding a short sword.
The kobold throws a stone.
The stone barely misses you.
Found 10 gold pieces.
You see here a stone.
The kobold shouts!
You see here a copper ring.
e - a copper ring
Found 7 gold pieces.
Found a shield.
There are monsters nearby!
Found a chain mail.
A frilled lizard comes into view.
You see here a shield.
f - a shield The frilled lizard hisses angrily.
A leopard gecko comes into view.
The leopard gecko hisses angrily.
The leopard gecko misses you.
You see here a chain mail.
Found a stone staircase leading down.
You hit the leopard gecko.
The leopard gecko is almost dead.
The leopard gecko completely misses you.
You barely miss the leopard gecko.
The leopard gecko is almost dead.
The leopard gecko closely misses you.
You hit the leopard gecko but do no damage.
The leopard gecko is almost dead.
The leopard gecko misses you.
You hit the leopard gecko.
You kill the leopard gecko!
The rat bites you.
* * * LOW HITPOINT WARNING * * *
You lost 3 HP.
You have now: 2/9 HP.
You aren't carrying any potions.
There is a stone staircase leading down here.
A leopard gecko comes into view.
Found 14 gold pieces.
The leopard gecko hisses angrily.
The leopard gecko bites you.
You die...

Action                   || total
-------------------------++-------
Melee: Unarmed           ||    19
Armor: Robe              ||     1
Dodge: Dodged            ||    28

Notes
Turn   | Place    | Note
-------+----------+-------------------------------------------
     0 | D:1      | hexophile the Spriggan Transmuter began the quest for the Orb.
     0 | D:1      | Reached XP level 1. HP: 9/9 MP: 5/5
   109 | D:1      | Slain by a leopard gecko

Table legend:
 A = Turns spent in this place as a percentage of turns spent in the entire game.
 B = Non-inter-level travel turns spent in this place as a percentage of non-inter-level travel turns spent in the entire game.
 C = Inter-level travel turns spent in this place as a percentage of turns spent in this place.
 D = Turns resting spent in this place as a percentage of non-inter-level travel turns spent in this place.
 E = Turns spent auto-exploring this place as a percentage of non-inter-level travel turns spent in this place.
 F = Non-inter-level travel turns spent in this place divided by the number of levels of this place that you've seen.
                   A       B       C       D       E      F
               +-------+-------+-------+-------+-------+----------------------
         Total | 100.0 | 100.0 |   0.0 |   0.0 |   2.8 | 109.0
       Dungeon | 100.0 | 100.0 |   0.0 |   0.0 |   2.8 | 109.0
               +-------+-------+-------+-------+-------+----------------------

Table legend:
 A = Kills in this place as a percentage of kills in entire the game.
 B = Kills by you in this place as a percentage of kills by you in the entire game.
 C = Kills by friends in this place as a percentage of kills by friends in the entire game.
 D = Other kills in this place as a percentage of other kills in the entire game.
 E = Experience gained in this place as a percentage of experience gained in the entire game.
 F = Experience gained in this place divided by the number of levels of this place that you have seen.
                   A       B       C       D       E      F
               +-------+-------+-------+-------+-------+----------------------
         Total | 100.0 | 100.0 |   N/A |   N/A | 100.0 |   5.0
       Dungeon | 100.0 | 100.0 |   N/A |   N/A | 100.0 |   5.0
               +-------+-------+-------+-------+-------+----------------------

Vanquished Creatures
  A leopard gecko (D:1)
  A kobold (D:1)
  A rat (D:1)
3 creatures vanquished.
